 Dungeon Crawl Stone Soup version 0.19.0-9-gfd783f2 (webtiles) character file.

502 cedor the Cudgeler (level 6, -14/47 HPs)
             Began as a Demonspawn Monk on Nov 7, 2016.
             Killed from afar by Pikel (25 damage)
             ... with a wand of acid
             ... on level 4 of the Dungeon.
             The game lasted 00:17:30 (3825 turns).

cedor the Cudgeler (Demonspawn Monk)                Turns: 3825, Time: 00:17:31

Health: -14/47     AC:  4    Str: 11    XL:     6   Next: 95%
Magic:  6/6        EV: 14    Int: 16    God:
Gold:   209        SH:  0    Dex: 16    Spells: 0 memorised, 5 levels left

rFire  + . .     SeeInvis .     a - +2 whip (elec)
rCold  . . .     Gourm    .     G - +0 leather armour (curse)
rNeg   . . .     Faith    .     (no shield)
rPois  .         Spirit   .     f - +0 helmet
rElec  .         Reflect  .     (no cloak)
rCorr  .         Harm     .     r - +0 pair of gloves (curse)
MR     .....                    H - +0 pair of boots (curse)
Stlth  ++........               (no amulet)
                                F - +3 ring of intelligence
                                (no ring)

@: corroded
A: slimy green scales 1, fire resistance 1
a: no special abilities


You were on level 4 of the Dungeon.
You were not hungry.

You visited 1 branch of the dungeon, and saw 4 of its levels.

You collected 209 gold pieces.


Innate Abilities, Weirdness & Mutations

You are partially covered in slimy green scales. (AC +2)
Your flesh is heat resistant. (rF+)


   Skills:
 - Level 3.0 Fighting
 + Level 6.3 Maces & Flails
 + Level 4.3 Dodging
 - Level 1.7 Stealth


You had 5 spell levels left.
You didn't know any spells.

Inventory:

Hand Weapons
 a - a +2 whip of electrocution (weapon)
 h - a +0 mace
 D - a +0 dire flail
Missiles
 s - a tomahawk (quivered)
 z - 120 stones
Armour
 b - a +0 robe
 f - a +0 helmet (worn)
 r - a cursed +0 pair of gloves (worn)
 v - a +0 pair of boots
 G - a cursed +0 leather armour (worn)
 H - a cursed +0 pair of boots (worn)
 K - a +4 scale mail
Jewellery
 F - a +3 ring of intelligence (right hand)
Wands
 x - a wand of polymorph (0/24)
 J - a wand of iceblast (0/15)
Scrolls
 d - 3 scrolls of remove curse {unknown}
 g - 2 scrolls of enchant weapon {unknown}
 i - a scroll of blinking {unknown}
 j - 5 scrolls of identify {unknown}
 m - a scroll of immolation {unknown}
 p - 3 scrolls of recharging {unknown}
 q - 2 scrolls of teleportation {unknown}
 y - 5 scrolls of amnesia {unknown}
 E - a scroll of noise {unknown}
 L - a scroll of fog {unknown}
Potions
 e - 2 potions of flight {unknown}
 l - 4 potions of curing {@q1}
 n - a potion of lignification {!q}
 t - a potion of heal wounds {unknown}
 w - 2 potions of haste {@q3}
 A - a potion of degeneration {unknown}
 C - a potion of cancellation {unknown}
Comestibles
 c - 3 bread rations
 k - 2 beef jerkies
 o - 6 fruits
 u - a slice of pizza
 B - 3 meat rations
 I - 3 chunks of flesh

Dungeon Overview and Level Annotations

Branches:
Dungeon (4/15)
 Temple: D:4-7

Altars:

Annotations:
D:4 Pikel

▒...▒ ▒.▒ ▒.▒ ▒.▒▒▒
▒.▒▒▒.▒▒▒▒▒ ▒.▒
▒.▒▒....... ▒▒▒▒.▒
▒.▒▒.▒.▒▒▒▒ ▒▒▒▒▒....▒
▒▒▒....▒.▒▒▒. ▒........▒
▒▒............
▒........▒▒▒▒.....).......
▒........▒▒...............
▒........6.K..p(..........
▒.....)..▒▒...............
▒........▒▒▒▒.............
▒........▒ ..............
▒........▒ .▒.▒▒▒▒.......
▒........▒ ..▒ ▒...▒▒▒▒
▒........▒ ▒▒ ▒...▒
▒▒▒▒▒▒▒▒▒▒ ▒...▒ ▒...▒


You could see Pikel and a slave.


Message History

Press: ? - help, Shift-Dir - straight line, f - Pikel
Aim: Pikel, wielding a whip of freezing and wearing a robe (hasn't noticed you, chance to defeat MR: 46%) Pikel shouts!
Pikel resists with some effort.
Evoking this partially-identified wand wasted a few charges.
Evoke which item? (* to show all) (? for menu, Esc to quit)
Zapping:
x - a wand of polymorph {zapped: 10} (will waste charges)
Press: ? - help, Shift-Dir - straight line, f/p - Pikel
Aim: Pikel, wielding a whip of freezing and wearing a robe (chance to defeat MR: 46%) Nothing appears to happen.
A slave comes into view.
Pikel drinks a potion.
Pikel seems to speed up.
Pikel zaps a wand.
The bolt of acid misses you.
It is a wand of acid.
Evoke which item? (* to show all) (? for menu, Esc to quit)
Zapping:
J - a wand of iceblast {zapped: 9} (will waste charges)
Press: ? - help, Shift-Dir - straight line, f/p - Pikel
Aim: Pikel, wielding a whip of freezing, wearing a robe and carrying a wand of acid {zapped: 1} (fast) Nothing appears to happen.
The slave shouts!
Throwing (i - inventory. (,) - cycle):
s - 2 tomahawks (quivered)
Press: ? - help, Shift-Dir - straight line, f/p - Pikel
Aim: Pikel, wielding a whip of freezing, wearing a robe and carrying a wand of acid {zapped: 1} (fast)
You throw a tomahawk. The tomahawk barely misses Pikel.
The tomahawk hits the slave but does no damage.
Pikel zaps a wand.
The bolt of acid hits you! The acid corrodes you!
You are splashed with acid!
The acid burns!
* * * LOW HITPOINT WARNING * * *
Pikel zaps a wand.
The bolt of acid hits you!
Ouch! That really hurt!
You die...

Action                   |  1- 3 |  4- 6 || total
-------------------------+-------+-------++-------
Melee: Mace              |    37 |       ||    37
       Whip              |    85 |   164 ||   249
Throw: Tomahawk          |       |     1 ||     1
Evoke: Wand              |       |     5 ||     5
  Use: Potion            |       |     2 ||     2
 Stab: Sleeping          |     8 |     4 ||    12
       Distracted        |     1 |       ||     1
  Eat: Chunk             |     2 |     7 ||     9
Armor: Robe              |    24 |    20 ||    44
       Skin              |       |    19 ||    19
       Leather armour    |       |     9 ||     9
Dodge: Dodged            |    88 |    87 ||   175

Vault maps used:
D:1:      erik_arrival_cave_to_civilisation, roderic_lattice_a
D:2:      first_bread, uniq_iyjb, uniq_robin
D:3:      kennysheep_slugbush, nicolae_underground_beach
D:4:      serial_shops, shop, grunt_ministairs_9, dk_noncrumbling_3, uniq_pikel

Notes
Turn   | Place    | Note
-------+----------+-------------------------------------------
     0 | D:1      | cedor the Demonspawn Monk began the quest for the Orb.
     0 | D:1      | Reached XP level 1. HP: 18/18 MP: 1/1
    10 | D:1      | Reached skill level 3 in Maces & Flails
    39 | D:1      | Gained mutation: You are partially covered in slimy green scales. (AC +2) [demonic ancestry]
    39 | D:1      | Reached XP level 2. HP: 23/24 MP: 2/2
   653 | D:1      | Reached XP level 3. HP: 29/29 MP: 3/3
  1169 | D:1      | Reached skill level 4 in Maces & Flails
  1268 | D:2      | Noticed Robin
  1507 | D:1      | Killed Robin
  1639 | D:2      | Gained mutation: Your flesh is heat resistant. (rF+) [demonic ancestry]
  1639 | D:2      | Reached XP level 4. HP: 35/35 MP: 4/4
  2152 | D:2      | Noticed Ijyb
  2173 | D:2      | Killed Ijyb
  2179 | D:2      | Reached skill level 5 in Maces & Flails
  2593 | D:3      | Reached XP level 5. HP: 40/41 MP: 5/5
  2985 | D:4      | Noticed an ogre
  2994 | D:4      | Noticed a golden eye
  2994 | D:4      | an ogre changed into a golden eye
  3172 | D:3      | Reached skill level 3 in Dodging
  3421 | D:4      | Reached XP level 6. HP: 30/47 MP: 6/6
  3422 | D:4      | Killed a golden eye
  3422 | D:4      | Reached skill level 6 in Maces & Flails
  3422 | D:4      | Reached skill level 4 in Dodging
  3458 | D:4      | Noticed Pikel
  3820 | D:4      | Noticed a slave
  3825 | D:4      | Killed from afar by Pikel

Vanquished Creatures
  A golden eye (D:4)
  A bullfrog (D:4)
  A hound (D:4)
  Ijyb (D:2)
  An iguana (D:4)
  3 worker ants
  Robin (D:1)
  An adder (D:4)
  An ooze (D:1)
  3 worms
  10 dart slugs (D:3)
  4 leopard geckos
  2 orcs (D:4)
  2 giant cockroaches
  11 goblins
  6 hobgoblins
  14 jackals
  10 kobolds
  6 bats
  4 frilled lizards
  11 rats
94 creatures vanquished.
